 Dungeon Crawl Stone Soup version 0.15-a0-963-gb693d2a (console) character file.

425 DragonArmour the Basher (level 6, 0/62 HPs)
             Began as an Ogre Berserker on May 22, 2014.
             Was a Believer of Trog.
             Killed by divine providence
             ... invoked by an orc priest
              (15 damage)
             ... on Level 3 of the Dungeon.
             The game lasted 00:03:10 (1823 turns).

DragonArmour the Basher (Ogre Berserker)            Turns: 1823, Time: 00:03:11

HP   0/62        AC  4     Str 23      XL: 6   Next: 96%
MP   6/6         EV 10     Int  6      God: Trog [**....]
Gold 86          SH  0     Dex 11      Spells:  0 memorised,  5 levels left

rFire  . . .     SeeInvis .     a - +0 mace
rCold  . . .     Clarity  .     b - +0 animal skin
rNeg   . . .     Conserve .     (shield restricted)
rPois  .         rCorr    .     (helmet restricted)
rElec  .         rRot     .     h - +0 cloak
SustAb .         Spirit   .     (gloves unavailable)
rMut   .         Warding  .     (boots unavailable)
Gourm  .         Stasis   .     s - amulet of rage
MR     ++...                    (no ring)
                                (no ring)

@: regenerating, exhausted, slowed, very slow, very resistant to hostile
enchantments, very unstealthy
A: unfitting armour, tough skin 1
a: Burn Spellbooks, Berserk, Trog's Hand, Renounce Religion, Evoke Berserk Rage


You were on level 3 of the Dungeon.
You worshipped Trog.
Trog was pleased with you.
You were very hungry.

You visited 1 branch of the dungeon, and saw 3 of its levels.

You collected 86 gold pieces.

Inventory:

Hand weapons
 a - a +0,+0 mace (weapon)
Armour
 b - a +0 animal skin (worn)
 h - a +0 cloak (worn)
Comestibles
 c - a meat ration
 f - 2 apples
 k - 8 strawberries
 v - a bread ration
 x - a pear
Scrolls
 e - 2 scrolls of identify {unknown}
 g - 2 scrolls of magic mapping {unknown}
 j - a scroll of amnesia {unknown}
 m - 2 scrolls of recharging {unknown}
 n - 3 scrolls of remove curse {unknown}
 p - a scroll of fear {unknown}
 r - 2 scrolls of noise {unknown}
 t - a scroll of enchant armour {unknown}
 u - a scroll of teleportation {unknown}
Jewellery
 s - an amulet of rage (around neck)
Potions
 d - a potion of cure mutation {unknown}
 i - a potion of restore abilities {unknown}
 o - a potion of degeneration {unknown}
 q - a potion of heal wounds {unknown}
Books
 w - a book of Minor Magic

   Spells                             Type                      Level
   Magic Dart                         Conjuration                  1
   Blink                              Translocation                2
   Call Imp                           Summoning                    2
   Repel Missiles                     Charms/Air                   2
   Slow                               Hexes                        2
   Conjure Flame                      Conjuration/Fire             3
   Mephitic Cloud                     Conjuration/Poison/Air       3
   Trog disapproves of the use of such an item.


   Skills:
 - Level 4.0 Fighting
 + Level 9.9 Maces & Flails
 - Level 2.9 Dodging


You had 5 spell levels left.
You didn't know any spells.

Dungeon Overview and Level Annotations

Branches:
Dungeon (3/15)

Altars:


Innate Abilities, Weirdness & Mutations

You are too large for most types of armour.
You have tough skin (AC +1).


Message History

The orc hits you from afar with a trident!
* * * LOW HITPOINT WARNING * * *
The orc hits you from afar with a trident.
* * * LOW HITPOINT WARNING * * *
The orc hits you but does no damage.
The orc priest's eyes start to glow.
The orc barely misses you. The orc barely misses you.
Things that are here:
a club; 32 sling bullets The orc priest looks braver.
The orc hits you but does no damage.
You feel the effects of Trog's Hand fading.
The orc priest invokes the aid of Beogh against you.
Something smites you!
* * * LOW HITPOINT WARNING * * *
The orc closely misses you.
The orc priest mumbles some strange prayers to Beogh against you.
Something smites you!
You die...

.#.# #........# .#.#
#.##.##..# .#.# #
#.##..# .# #..#..#
#.###.#..# #........#
#####.##.# ##########
#.##.#
.........g######@#..#
######..oo).oo....##
#w########..## #.#
..## #o# ..#
#.#######...
#go.........
#w#.....##..#
#.#)...#....#


You could see an orc priest and 3 orcs.

Vanquished Creatures
  Grinder (D:3)
  A phantom (D:3)
  An orc wizard (D:3)
  2 gnolls (D:3)
  3 adders
  An orc skeleton (D:3)
  A worm (D:2)
  2 giant geckos
  A bat skeleton (D:3)
  2 giant cockroaches
  5 hobgoblins
  A quokka (D:2)
  5 bats
  3 giant newts
  5 goblins
  5 kobolds
  3 rats
42 creatures vanquished.

Vanquished Creatures (others)
  2 hobgoblins (D:3)
  A rat (D:3)
3 creatures vanquished.

Grand Total: 45 creatures vanquished

Notes
Turn   | Place    | Note
--------------------------------------------------------------
     0 | D:1      | DragonArmour, the Ogre Berserker, began the quest for the Orb.
     0 | D:1      | Reached XP level 1. HP: 24/24 MP: 1/1
   492 | D:1      | Reached XP level 2. HP: 20/32 MP: 2/2
   766 | D:2      | Acquired Trog's second power
   766 | D:2      | Reached skill level 5 in Maces & Flails
   857 | D:2      | Reached XP level 3. HP: 23/39 MP: 3/3
  1173 | D:3      | Noticed a phantom
  1201 | D:3      | Killed a phantom
  1201 | D:3      | Reached skill level 7 in Maces & Flails
  1201 | D:3      | Reached XP level 4. HP: 6/48 MP: 4/4
  1201 | D:3      | Reached XP level 5. HP: 6/54 MP: 5/5
  1601 | D:3      | Noticed Grinder
  1613 | D:3      | Killed Grinder
  1613 | D:3      | Reached skill level 9 in Maces & Flails
  1613 | D:3      | Reached XP level 6. HP: 62/62 MP: 6/6
  1823 | D:3      | Killed from afar by an orc priest

Action                   |  1- 3 |  4- 6 || total
-------------------------+-------+-------++-------
Melee: Mace              |    86 |    56 ||   142
Invok: Berserk           |     1 |     2 ||     3
       Trog's Hand       |     1 |     2 ||     3
  Use: Potion            |       |     2 ||     2
 Stab: Sleeping          |       |     1 ||     1
